 Dungeon Crawl Stone Soup version 0.30.0-5-g1a98f26d00 (webtiles) character file.

Game seed: 6314760230551102549

3299 Rrauwl the Cleaver (level 10, -3/83 HPs)
             Began as a Hill Orc Fighter on May 8, 2023.
             Was a Believer of Okawaru.
             Slain by a bone dragon (10 damage)
             ... on level 1 of the Abyss.
             The game lasted 00:20:52 (7163 turns).

Rrauwl the Cleaver (Hill Orc Fighter)               Turns: 7163, Time: 00:20:53

Health: -3/83      AC: 21    Str: 28    XL:     10   Next: 1%
Magic:  0/10       EV: 14    Int:  7    God:    Okawaru [**....]
Gold:   419        SH:  5    Dex:  9    Spells: 9/9 levels left

rFire   . . .        a - +1 war axe
rCold   . . .        c - +0 buckler
rNeg    . . .        P - +3 plate armour
rPois   .            C - +0 helmet
rElec   .            r - +1 cloak
rCorr   .            M - +0 pair of gloves
SInv    .            O - +0 pair of boots
Will    +....        n - amulet of guardian spirit Stlth
                     t - ring of willpower
HPRegen 0.33/turn    K - +5 ring of evasion
MPRegen 0.12/turn

%: guardian spirit
@: mighty, about to teleport, studying Dodging
A: strong 1
a: Renounce Religion, Heroism


You were on level 1 of the Abyss.
You worshipped Okawaru.
Okawaru was pleased with you.
You visited 2 branches of the dungeon, and saw 9 of its levels.
You visited the Abyss 1 time.
You also visited: Sewer.

You collected 419 gold pieces.

Inventory:

Hand Weapons
 a - a +1 war axe (weapon)
 b - a +2 flail of protection
Missiles
 e - 8 poisoned darts (quivered)
 k - 3 curare-tipped darts
 B - 3 silver javelins
 E - 10 atropa-tipped darts
Armour
 c - a +0 buckler (worn)
 q - a +2 chain mail of fire resistance
 r - a +1 cloak (worn)
 C - a +0 helmet (worn)
 M - a +0 pair of gloves (worn)
 O - a +0 pair of boots (worn)
 P - a +3 plate armour (worn)
Jewellery
 n - an amulet of guardian spirit (around neck)
 t - a ring of willpower (left hand)
 z - a +6 ring of dexterity
 F - an amulet of faith
 G - a ring of protection from fire
 K - a +5 ring of evasion (right hand)
Wands
 I - a wand of flame (27)
 J - a wand of paralysis (4)
 N - a wand of digging (5)
Scrolls
 g - a scroll of poison
 h - 3 scrolls of enchant weapon
 l - a scroll of fear
 m - 5 scrolls of teleportation
 p - 2 scrolls of vulnerability
 x - a scroll of fog
 D - a scroll of blinking
 H - a scroll of identify
 L - 3 scrolls of amnesia
Potions
 d - a potion of brilliance
 f - a potion of flight
 j - a potion of cancellation
 o - a potion of resistance
 s - a potion of attraction
 w - a potion of lignification
Miscellaneous
 y - a lightning rod (4/4)


   Skills:
 - Level 6.0 Fighting
 + Level 12.7 Axes
 - Level 6.0 Armour
 + Level 7.0 Dodging
 - Level 6.0 Shields


You had 9 spell levels left.
You didn't know any spells.
Your spell library contained the following spells:

 Spells                   Type           Power      Damage    Failure   Level
 Blink                    Tloc           0%         N/A       100%        2
 Lesser Beckoning         Tloc           0%         N/A       100%        2
 Momentum Strike          Conj/Tloc      0%         3d8       100%        2
 Petrify                  Tmut/Erth      0%         N/A       100%        4
 Metabolic Englaciation   Hex/Ice        0%         N/A       100%        5
 Statue Form              Tmut/Erth      0%         N/A       100%        6


Dungeon Overview and Level Annotations

Branches:
Dungeon (8/15)             Temple (1/1) D:5           Sewer (visited)
   Lair: D:8-11

Altars:
Ashenzari
Dithmenos
Elyvilon
Fedhas
Gozag
Hepliaklqana
Kikubaaqudgha
Makhleb
Nemelex Xobeh
Okawaru
Qazlal
Ru
Uskayaw
Vehumet
Yredelemnul
The Shining One

Shops:
D:1 ?(*:


Innate Abilities, Weirdness & Mutations

Your muscles are strong. (Str +4, Int/Dex -1)


Message History

The bone dragon claws you but does no damage.
The bone dragon misses you.
You barely miss the bone dragon.
The bone dragon is moderately damaged.
The bone dragon bites you!
* * * LOW HITPOINT WARNING * * *
You block the bone dragon's attack. x2
You hit the bone dragon.
The bone dragon is moderately damaged.
The bone dragon bites you.
* * * LOW HITPOINT WARNING * * *
You block the bone dragon's attack.
The bone dragon tramples you but does no damage.
You hit the bone dragon but do no damage.
The bone dragon is moderately damaged.
You feel better.
You feel like a meek peon again.
The bone dragon bites you but does no damage.
The bone dragon barely misses you.
The bone dragon tramples you but does no damage.
You hit the bone dragon but do no damage.
The bone dragon is moderately damaged.
You block the bone dragon's attack. The bone dragon misses you.
The bone dragon tramples you.
* * * LOW HITPOINT WARNING * * *
You hold your ground!
Magic courses through your body. The bone dragon barely misses you. x2
The bone dragon tramples you but does no damage.
You hit the bone dragon but do no damage.
The bone dragon is moderately damaged.
The bone dragon bites you!
* * * LOW HITPOINT WARNING * * *
The bone dragon claws you but does no damage.
The bone dragon tramples you but does no damage.
You slice the bone dragon!!
The bone dragon is heavily damaged.
The bone dragon bites you!
* * * LOW HITPOINT WARNING * * *
The bone dragon claws you!
You die...

. Z. #... # .# #
# .# . # _ #
...## # ##X..
###. D #.. # . .
#5# .#.#.#.. ..##
. ##. ##... #
.#.# ... ##. D #
#......# #X #. .
...#. #..# #
#...######5..#...
###..# #@D2..# .
.### ####### #


You could see a bone dragon, a cacodemon and an ufetubus.

Vanquished Creatures
  A spatial maelstrom (Abyss:1)
  2 small abominations (Abyss:1)
  A vampire (D:8)
  Edmund (D:4)
  2 wargs (D:8)
  A water moccasin (D:7)
  2 orc warriors
  An ice beast (D:6)
  2 ogres (D:5)
  3 centaurs (D:6)
  A phantom (D:5)
  2 kobold brigands (Sewer)
  A bullfrog (D:7)
  3 scorpions
  4 jellies
  2 hounds
  2 sleepcaps
  4 iguanas
  7 orc wizards
  13 adders
  3 river rats
  2 white imps
  An ufetubus (D:4)
  2 worms
  2 dart slugs (D:1)
  25 orcs
  7 endoplasms
  2 giant cockroaches (D:2)
  12 goblins
  A hobgoblin (D:1)
  10 jackals
  9 kobolds
  10 quokkas
  7 ball pythons
  7 bats
  8 frilled lizards
  7 rats
170 creatures vanquished.

Notes
Turn   | Place    | Note
-------+----------+-------------------------------------------
     0 | D:1      | Rrauwl the Hill Orc Fighter began the quest for the Orb.
     0 | D:1      | Reached XP level 1. HP: 19/19 MP: 1/1
    19 | D:1      | Found Qagapp's General Store.
    79 | D:1      | Reached XP level 2. HP: 27/27 MP: 2/2
   106 | D:1      | Reached skill level 3 in Axes
   116 | D:1      | Found Neitaq's Book Shoppe.
   357 | D:1      | Reached XP level 3. HP: 33/33 MP: 3/3
   398 | D:1      | Found Jeagre Celo's Magic Scroll Shop.
   439 | D:1      | Found Fop Luf's Weapon Shop.
   643 | D:1      | Found a faded altar of an unknown god.
  1126 | D:2      | Reached skill level 1 in Dodging
  1210 | D:2      | Reached XP level 4. HP: 38/40 MP: 4/4
  1679 | D:3      | Noticed a scorpion
  1685 | D:3      | Killed a scorpion
  1686 | D:3      | Reached XP level 5. HP: 28/47 MP: 2/5
  1837 | D:3      | Reached skill level 4 in Axes
  1931 | D:3      | Found a glowing drain.
  1935 | Sewer    | Entered a sewer
  2101 | Sewer    | Noticed a kobold brigand
  2117 | Sewer    | Killed a kobold brigand
  2118 | Sewer    | Reached XP level 6. HP: 48/53 MP: 6/6
  2239 | Sewer    | Gained mutation: Your muscles are strong. (Str +4, Int/Dex
                  | -1) [potion of mutation]
  2509 | Sewer    | Reached skill level 5 in Fighting
  3581 | D:4      | Noticed Edmund
  3609 | D:4      | Killed Edmund
  3610 | D:4      | Reached skill level 5 in Axes
  3610 | D:4      | Reached skill level 5 in Armour
  3610 | D:4      | Reached XP level 7. HP: 24/61 MP: 3/7
  3762 | D:4      | Reached skill level 5 in Shields
  4005 | D:4      | Found a burning altar of Makhleb.
  4359 | D:5      | Entered Level 5 of the Dungeon
  4477 | D:5      | Found a staircase to the Ecumenical Temple.
  4490 | D:5      | Reached skill level 6 in Axes
  4490 | D:5      | Reached XP level 8. HP: 67/70 MP: 8/8
  4554 | Temple   | Entered the Ecumenical Temple
  4599 | Temple   | Became a worshipper of Warmaster Okawaru
  4777 | D:5      | Reached skill level 7 in Axes
  4873 | D:5      | Reached skill level 8 in Axes
  5050 | D:5      | Found a stormy altar of Qazlal.
  5269 | D:6      | Reached * piety under Okawaru
  5270 | D:6      | Reached skill level 9 in Axes
  5322 | D:6      | Reached skill level 10 in Axes
  5331 | D:6      | Reached XP level 9. HP: 67/75 MP: 7/9
  5753 | D:6      | Found a blossoming altar of Fedhas.
  6501 | D:7      | Found a radiant altar of Vehumet.
  6579 | D:7      | Reached ** piety under Okawaru
  6580 | D:7      | Reached skill level 11 in Axes
  6817 | D:8      | Reached skill level 5 in Dodging
  6996 | Abyss:1  | Cast into level 1 of the Abyss (orc warrior)
  7038 | Abyss:1  | Noticed a thrashing horror
  7059 | Abyss:1  | Noticed a spatial maelstrom
  7063 | Abyss:1  | Found a corrupted altar of Lugonu.
  7081 | Abyss:1  | Reached skill level 12 in Axes
  7091 | Abyss:1  | Noticed a starcursed mass
  7117 | Abyss:1  | Noticed a bone dragon
  7118 | Abyss:1  | Noticed a cacodemon
  7122 | Abyss:1  | Noticed a large abomination
  7126 | Abyss:1  | Killed a spatial maelstrom
  7129 | Abyss:1  | Reached XP level 10. HP: 31/83 MP: 5/10
  7132 | Abyss:1  | Found a corrupted altar of Lugonu.
  7163 | Abyss:1  | Slain by a bone dragon

Illustrated notes

Levels and vault maps discovered:
D:1:      ncdulo_halloftheorcs, layout_basic, serial_shops,
          nicolae_shop_scrapyard, nicolae_diamond_shop, shop, shop,
          hellmonk_ecumenical_altar_zigzags, due_unseen_surprise
D:2:      layout_basic
D:3:      layout_loops_ring, gup_sewer_entry_spiral
D:4:      layout_rooms, makhleb_heckhound_becter, minivault_25,
          serial_park_tiny_pond, uniq_edmund
D:5:      layout_basic, mainiacjoe_overflow_chevrons,
          minmay_temple_entry_statues_fountains, minmay_checkerbox
D:6:      layout_loops_ring, kennysheep_little_box, minmay_misc_feat_rows,
          minmay_manual_mares
D:7:      layout_basic, lemuel_coloured_pillars_altar, grunt_ministairs_4
D:8:      layout_rooms, mainiacjoe_overflow_cross_hatched,
          erik_lair_orcish_takeover, dk_noncrumbling_3, worms_lemuel,
          uniq_maggie
Temple:   minmay_temple_bridge_abc
Abyss:1:  base:
D:3

Skill      XL: |  1  2  3  4  5  6  7  8  9 |
---------------+----------------------------+-----
Axes           | 3 4 5 6 10 12 | 12.7
Fighting       | 4 5 6 |  6.0
Dodging        | 1 2 7 |  7.0
Armour         | 4 5 6 |  6.0
Shields        | 4 5 6 |  6.0

Action                     |  1- 3 |  4- 6 |  7- 9 | 10-12 || total
---------------------------+-------+-------+-------+-------++-------
  Melee: War axe           |    92 |   254 |   303 |    13 ||   662
  Throw: Dart              |       |     1 |     4 |       ||     5
 Invoke: Heroism           |       |       |     1 |     1 ||     2
  Evoke: Wand              |       |       |     4 |       ||     4
    Use: Potion            |     1 |     9 |     2 |     3 ||    15
         Scroll            |     1 |     9 |     4 |     1 ||    15
 Armour: Scale mail        |    41 |    99 |       |       ||   140
         Skin              |       |     3 |       |       ||     3
         Chain mail        |       |       |   142 |       ||   142
         Plate armour      |       |       |    18 |    16 ||    34
  Dodge: Dodged            |    45 |   111 |   152 |     9 ||   317
  Block: Buckler           |    29 |    54 |    55 |     5 ||   143
